 Dungeon Crawl Stone Soup version 0.23.2-33-g5129a83184 (webtiles) character file.

Game seed: 7186531647175247309

148 psyvane the Chopper (level 5, -4/49 HPs)
             Began as an Ogre Arcane Marksman on July 14, 2019.
             Was a Follower of Ashenzari.
             Slain by an orc
             ... wielding a +2 short sword of electrocution
              (9 damage)
             ... on level 3 of the Dungeon.
             The game lasted 00:12:26 (4131 turns).

psyvane the Chopper (Ogre Arcane Marksman)          Turns: 4131, Time: 00:12:27

Health: -4/49      AC:  3    Str: 15    XL:     5   Next: 30%
Magic:  6/6        EV: 10    Int: 14    God:    Ashenzari [*.....]
Gold:   160        SH:  4    Dex:  9    Spells: 3/6 levels left

rFire    . . .     SeeInvis .   b - +0 hand axe (curse)
rCold    . . .     Gourm    .   (no shield)
rNeg     . . .     Faith    .   a - +0 robe
rPois    .         Spirit   .   (helmet restricted)
rElec    .         Reflect  .   (no cloak)
rCorr    .         Harm     .   (gloves unavailable)
MR       .....     Clarity  +   (boots unavailable)
Stlth    +.........             (no amulet)
HPRegen  0.16/turn              (no ring)
MPRegen  0.10/turn              (no ring)

@: no status effects
A: large, unfitting armour, large bone plates 1, clarity, tough skin 1
a: Curse Item, Scrying, Renounce Religion


You were on level 3 of the Dungeon.
You worshipped Ashenzari.
Ashenzari was aware of your devotion.
You were hungry.

You visited 1 branch of the dungeon, and saw 3 of its levels.

You collected 160 gold pieces.

Inventory:

Hand Weapons
 b - a cursed +0 hand axe (weapon)
Missiles
 c - 4 large rocks (quivered)
 d - 2 throwing nets
Armour
 a - a +0 robe (worn)
Jewellery
 l - an uncursed ring of protection from cold
Scrolls
 e - 3 scrolls of identify
 g - a scroll of immolation {unknown}
 i - a scroll of remove curse
 m - a scroll of teleportation
Comestibles
 f - 3 rations


   Skills:
 - Level 1.9 Fighting
 * Level 3.7 Axes
 * Level 3.3 Throwing
 - Level 1.7 Dodging
 - Level 1.2 Spellcasting
 - Level 2.6 Hexes


You had 3 spell levels left.
You knew the following spells:

 Your Spells              Type           Power        Failure   Level  Hunger
a - Corona                Hex            #......      9%          1    ##.....
b - Slow                  Hex            #.......     13%         2    ###....

Your spell library contained the following spells:

 Spells                   Type           Power        Failure   Level  Hunger
 Inner Flame              Hex/Fire       #.......     41%         3    ####...
 Portal Projectile        Hex/Tloc       #.....       41%         3    ####...
 Cause Fear               Hex            #.........   65%         4    #####..
 Leda's Liquefaction      Hex/Erth       #.........   83%         4    #####..


Dungeon Overview and Level Annotations

Branches:
Dungeon (3/15)

Altars:
Ashenzari
Gozag


Innate Abilities, Weirdness & Mutations

You are too large for most types of armour.
You have tough skin. (AC +1)
You are partially covered in large bone plates. (SH +4)
You possess an exceptional clarity of mind.


Message History

You hit the orc but do no damage.
The orc hits you with a +2 short sword of electrocution. x2
You hit the orc.
The orc is moderately wounded.
The orc hits you with a +2 short sword of electrocution.
You are electrocuted!
You hit the orc.
The orc is heavily wounded.
The orc hits you with a +2 short sword of electrocution.
You are electrocuted!
* * * LOW HITPOINT WARNING * * *
Okay, then.
Okay, then.
Okay, then.
It was a potion of cancellation.
You feel magically purged.
Your magical contamination has completely faded away.
You block the orc's attack.
It was a potion of magic.
Magic courses through your body. The orc hits you but does no damage.
You are electrocuted!
You die...

## ######
.###
###......
...##
#@oK..$..
.#).#
#.#....^.
.##)# #.#
.....
###.##
#.# ....
#..## #.#
.).
##..##
#.# ..
##..##
#.# .
##..###
#.#
##...#
#.#


You could see an orc and a kobold.

Vanquished Creatures
  4 gnolls
  5 adders
  4 worms
  2 dart slugs
  A leopard gecko (D:3)
  A ball python (D:1)
  3 giant cockroaches
  10 hobgoblins
  3 jackals (D:1)
  2 quokkas
  4 bats
  4 frilled lizards
  2 goblins
  3 kobolds
  5 rats
53 creatures vanquished.

Notes
Turn   | Place    | Note
-------+----------+-------------------------------------------
     0 | D:1      | psyvane the Ogre Arcane Marksman began the quest for the
                  | Orb.
     0 | D:1      | Reached XP level 1. HP: 19/19 MP: 2/2
   202 | D:1      | Gained mutation: You are partially covered in large bone
                  | plates. (SH +4) [potion of mutation]
   202 | D:1      | Gained mutation: You possess an exceptional clarity of
                  | mind. [potion of mutation]
   419 | D:1      | Found a shattered altar of Ashenzari.
   520 | D:1      | Reached XP level 2. HP: 28/28 MP: 3/3
   552 | D:1      | Learned a level 2 spell: Slow
   557 | D:1      | Became a worshipper of Ashenzari the Shackled
  1551 | D:2      | Reached skill level 1 in Axes
  1560 | D:2      | Found a faded altar of an unknown god.
  1595 | D:2      | Found an opulent altar of Gozag.
  1681 | D:2      | Reached XP level 3. HP: 30/35 MP: 0/4
  2188 | D:2      | Reached XP level 4. HP: 40/42 MP: 0/5
  2808 | D:3      | Reached * piety under Ashenzari
  3733 | D:3      | Reached XP level 5. HP: 42/49 MP: 0/6
  4131 | D:3      | Slain by an orc

Skill      XL: |  1  2  3  4 |
---------------+-------------+-----
Axes           | 1 2 3 |  3.7
Throwing       | 3 |  3.3
Fighting       | |  1.9
Dodging        | |  1.7
Spellcasting   | |  1.2
Hexes          | |  2.6

Action                   |  1- 3 |  4- 6 || total
-------------------------+-------+-------++-------
Melee: Unarmed           |    36 |       ||    36
       Hand axe          |    84 |   141 ||   225
 Cast: Corona            |    20 |    31 ||    51
       Slow              |     3 |    13 ||    16
  Use: Scroll            |     6 |       ||     6
       Potion            |     2 |     2 ||     4
 Stab: Sleeping          |       |     1 ||     1
  Eat: Chunk             |     5 |     5 ||    10
       Ration            |       |     1 ||     1
Armor: Robe              |    32 |    24 ||    56
Dodge: Dodged            |    67 |    71 ||   138
Block: Other             |    18 |    17 ||    35
